 Dungeon Crawl Stone Soup version 0.24-a0-479-g9a978d2 (webtiles) character file.

Game seed: 15537145486863404739

178260 Espgualade the Devastator (level 17, -1/80 HPs)
             Began as a Tengu Ice Elementalist on July 7, 2019.
             Was the Champion of Vehumet.
             Hit by a silver javelin thrown by a merfolk javelineer (7 damage)
             ... on level 4 of the Shoals.
             The game lasted 03:43:58 (58312 turns).

Espgualade the Devastator (Tengu Ice Elementalist) Turns: 58312, Time: 03:44:00

Health: -1/80      AC:  9    Str:  6    XL:     17   Next: 87%
Magic:  9/34       EV: 30    Int: 20    God:    Vehumet [******]
Gold:   65         SH:  0    Dex: 20    Spells: 2/41 levels left

rFire    + . .     SeeInvis .   Z - +8 mace of World's End {flame, +Rage rPois rF+ Str-3}
rCold    . . .     Gourm    .   i - +0 buckler
rNeg     . . .     Faith    .   t - +2 robe {Archmagi}
rPois    +         Spirit   .   Q - +2 hat
rElec    .         Reflect  +   E - scarf {cloud immunity}
rCorr    .         Harm     .   D - +2 pair of gloves {Dex+3}
MR       +....                  (boots unavailable)
Stlth    ++........             R - +2 amulet of reflection
HPRegen  0.23/turn              j - +3 ring of evasion
MPRegen  0.24/turn              O - ring of poison resistance

@: confused, flying quickly and evasively, quick
A: beak, talons 3, able to fly
}: 1/15 runes: barnacled
a: Stop Flying, Renounce Religion, Evoke Berserk Rage


You were on level 4 of the Shoals.
You worshipped Vehumet.
Vehumet was exalted by your worship.
You were near starving.

You visited 8 branches of the dungeon, and saw 33 of its levels.
You visited the Abyss 1 time.
You also visited: Ossuary.

You collected 2705 gold pieces.
You spent 2640 gold pieces at shops.

Inventory:

Hand Weapons
 k - the +9 arbalest of Notwur {freeze, rN+, unknown}
   (You found it on level 1 of the Elven Halls)

   It causes projectiles fired from it to freeze those they strike, causing
   extra injury to most foes and up to half again as much damage against
   particularly susceptible opponents.
   They can also slow down cold-blooded creatures.
   It protects you from negative energy.
 o - the +3 halberd of the Extremely Mad {chop, rF+ MR+ Str+5}
   (You found it on level 10 of the Dungeon)

   It inflicts extra damage upon your enemies.
   It affects your strength (+5).
   It protects you from fire.
   It affects your resistance to hostile enchantments.
 C - a +2 lajatang of speed
 I - the +6 war axe "Heesh" {chop, MR+++ Int-4}
   (You found it on level 1 of the Lair of Beasts)

   It inflicts extra damage upon your enemies.
   It affects your intelligence (-4).
   It affects your resistance to hostile enchantments.
 Z - the +8 mace of World's End (weapon) {flame, +Rage rPois rF+ Str-3}
   (You found it on level 6 of the Lair of Beasts)

   It has been specially enchanted to burn those struck by it, causing extra
   injury to most foes and up to half again as much damage against particularly
   susceptible opponents.
   It affects your strength (-3).
   It protects you from fire.
   It protects you from poison.
   It lets you go berserk.
Armour
 i - a +0 buckler (worn)
 q - a +0 robe of magic resistance
 s - a +1 robe of cold resistance
 t - a +2 robe of the Archmagi (worn)
 D - a +2 pair of gloves of dexterity (worn)
 E - a scarf of cloud immunity (worn)
 Q - a +2 hat (worn)
Magical Staves
 L - an uncursed staff of summoning
 W - an uncursed staff of cold
Jewellery
 g - an uncursed ring of stealth
 j - a +3 ring of evasion (left hand)
 r - an uncursed ring of protection from cold
 M - an uncursed ring of ice
 O - a ring of poison resistance (right hand)
 R - a +2 amulet of reflection (around neck)
 S - an uncursed ring of magical power {unknown}
Wands
 b - a wand of flame (17)
 h - a wand of polymorph (3)
 m - a wand of scattershot (8)
 n - a wand of iceblast (21)
 z - a wand of paralysis (16)
 F - a wand of disintegration (2)
 N - a wand of acid (18)
 U - a wand of random effects (71)
 V - a wand of enslavement (5)
Scrolls
 e - 3 scrolls of teleportation
 f - 8 scrolls of amnesia
 l - 6 scrolls of enchant weapon
 p - 10 scrolls of remove curse
 y - 4 scrolls of identify
 J - 2 scrolls of enchant armour
 X - 3 scrolls of brand weapon
Potions
 d - 4 potions of cancellation
 u - 4 potions of agility
 v - 2 potions of berserk rage
 w - 8 potions of haste
 A - 6 potions of brilliance
 B - 2 potions of magic
 P - 3 potions of invisibility
 T - a potion of resistance
Miscellaneous
 a - a crystal ball of energy
 H - a lightning rod (4/4)
 K - a fan of gales
Comestibles
 c - 10 rations


   Skills:
 + Level 12.5 Dodging
 - Level 9.0 Stealth
 - Level 6.0 Shields
 - Level 12.6 Spellcasting
 - Level 15.6 Conjurations
 - Level 10.0 Hexes
 - Level 15.2 Summonings
 - Level 9.1 Fire Magic
 - Level 8.0 Ice Magic


You had 2 spell levels left.
You knew the following spells:

 Your Spells              Type           Power        Failure   Level  Hunger
a - Freeze                Ice            ####         1%          1    None
b - Throw Frost           Conj/Ice       ######       1%          2    None
c - Ozocubu's Armour      Chrm/Ice       #####...     3%          3    None
d - Throw Icicle          Conj/Ice       ######..     1%          4    None
e - Summon Ice Beast      Ice/Summ       ######..     1%          4    None
f - Spellforged Servitor  Conj/Summ      #######...   2%          7    #######
g - Bolt of Fire          Conj/Fire      #######...   1%          6    #####..
h - Invisibility          Hex            ######..     13%         6    #####..
i - Bolt of Cold          Conj/Ice       ######....   1%          6    #####..

Your spell library contained the following spells:

 Spells                   Type           Power        Failure   Level  Hunger
 Conjure Ball Lightning   Conj/Air       ######....   9%          6    #####..
 Summon Butterflies       Summ           #######.     0%          1    None
 Flame Tongue             Conj/Fire      #####        1%          1    None
 Sandblast                Erth           ###...       1%          1    None
 Sting                    Conj/Pois      ####         1%          1    None
 Animate Skeleton         Necr           N/A          5%          1    None
 Apportation              Tloc           ###...       5%          1    None
 Pain                     Necr           ###.         5%          1    None
 Passwall                 Tmut/Erth      ###.....     8%          2    None
 Poisonous Vapours        Pois/Air       ###...       8%          2    None
 Call Canine Familiar     Summ           #######.     1%          3    None
 Conjure Flame            Conj/Fire      #######.     1%          3    None
 Mephitic Cloud           Conj/Pois/Air  ######..     1%          3    None
 Recall                   Summ/Tloc      N/A          1%          3    None
 Stone Arrow              Conj/Erth      ######       1%          3    None
 Tukima's Dance           Hex            ######..     1%          3    None
 Summon Mana Viper        Hex/Summ       #######.     1%          5    ####...
 Venom Bolt               Conj/Pois      ######....   1%          5    ####...
 Shadow Creatures         Summ           N/A          1%          6    #####..
 Summon Lightning Spire   Summ/Air       ######..     2%          4    None
 Freezing Cloud           Conj/Ice/Air   ######....   9%          6    #####..
 Monstrous Menagerie      Summ           #######...   9%          7    #######
 Summon Greater Demon     Summ           #######...   9%          7    #######
 Summon Hydra             Summ           #######...   9%          7    #######
 Airstrike                Air            ###.......   13%         4    None
 Olgreb's Toxic Radiance  Pois           ###.....     13%         4    None
 Lesser Beckoning         Tloc           ###.......   16%         3    None
 Regeneration             Chrm/Necr      ###.......   16%         3    None
 Vampiric Draining        Necr           ###.......   16%         3    None
 Silence                  Hex/Air        #####.....   19%         5    ####...
 Lee's Rapid Deconstruct  Erth           ###.......   34%         5    ####...
 Animate Dead             Necr           N/A          45%         4    None
 Petrify                  Tmut/Erth      ###.....     45%         4    None
 Summon Horrible Things   Summ           #######...   56%         8    #######
 Alistair's Intoxication  Tmut/Pois      ###.....     82%         5    ####...
 Borgnjor's Vile Clutch   Necr/Erth      ###.......   82%         5    ####...
 Simulacrum               Ice/Necr       #####.....   83%         6    #####..
 Malign Gateway           Summ/Tloc      ######....   89%         7    #######
 Death Channel            Necr           ###.......   100%        6    #####..
 Ring of Flames           Chrm/Fire      #####.....   100%        7    #######


Dungeon Overview and Level Annotations

Branches:
Dungeon (15/15)            Temple (1/1) D:7            Lair (6/6) D:11
 Shoals (4/4) Lair:4       Spider (1/4) Lair:2        Slime (0/5) Lair:5
    Orc (2/2) D:12            Elf (3/3) Orc:2        Vaults (0/5) D:14
 Depths (1/5) D:15

Altars:
Ashenzari
Cheibriados
Dithmenos
Elyvilon
Fedhas
Gozag
Hepliaklqana
Kikubaaqudgha
Makhleb
Nemelex Xobeh
Okawaru
Qazlal
Ru
Sif Muna
Trog
Uskayaw
Vehumet
Wu Jian
Xom
Yredelemnul
Zin
The Shining One
Beogh

Shops:
Orc:2 (%:([   Elf:2 [*   Elf:3 (   Shoals:3 %

Portals:
Pandemonium: Depths:1

Annotations:
Shoals:1 exclusion: Roxanne, Roxanne


Innate Abilities, Weirdness & Mutations

You have a beak for a mouth.
You have claws for feet.
You can fly continuously.


Message History

The merfolk javelineer throws a silver javelin.
The silver javelin pierces through your ice beast!
The silver javelin pierces through you!
The merfolk impaler hits you with a +1 trident of venom!!
* * * LOW HITPOINT WARNING * * *
Your ice beast hits the merfolk impaler but does no damage.
Unknown command.
Okay, then.
Okay, then.
Okay, then.
Evoke which item? (* to show all) (? for menu, Esc to quit)
Okay, then.
Okay, then.
You are confused.
You feel invigorated.
The merfolk impaler misses your ice beast.
The merfolk javelineer throws a silver javelin.
The silver javelin pierces through your ice beast!
The silver javelin pierces through you!
You die...

P≈≈≈≈≈≈≈≈≈≈...........≈≈≈≈≈≈≈≈≈≈≈
≈≈P≈≈≈≈≈P≈≈≈≈.)......≈≈≈≈≈≈≈≈≈≈≈≈
≈≈≈≈≈≈≈≈≈m≈≈.≈)..≈≈≈≈≈≈≈≈≈≈≈≈≈≈≈≈
.≈≈≈≈≈≈P≈≈≈≈≈≈≈≈≈≈(≈≈≈≈≈≈≈≈≈≈≈≈≈≈
.≈≈≈≈≈≈≈≈##'##≈≈≈≈≈≈≈≈≈≈≈≈≈≈≈≈≈≈≈
.≈≈≈≈≈≈≈##≈≈(##≈≈≈≈≈≈≈≈≈≈≈≈≈≈≈≈≈≈
.≈≈≈≈≈≈≈#≈≈≈≈≈#....≈≈.≈≈≈≈≈≈≈≈≈≈≈
.≈≈≈≈≈≈≈#≈≈≈≈≈Y......)≈≈≈≈≈≈≈≈≈≈≈
.≈≈≈≈≈≈≈#≈≈≈≈≈#m@.......≈≈≈≈≈≈≈≈≈
..≈≈≈≈≈≈##≈≈≈##.........≈≈≈≈≈≈≈≈≈
,≈≈≈≈≈≈≈≈#####≈........≈≈≈≈≈≈≈≈≈≈
≈≈≈≈≈≈≈≈≈≈≈≈≈≈....<≈≈≈≈≈≈≈≈≈≈≈≈≈≈
≈≈≈≈≈≈≈≈≈≈≈≈≈≈.....≈≈≈≈≈≈≈≈≈≈≈≈≈≈
≈≈≈≈≈≈≈≈≈≈≈≈≈≈......≈.≈≈≈≈≈≈≈≈≈≈≈
≈≈≈≈≈≈≈≈≈≈≈≈≈≈........≈≈≈≈≈≈≈≈≈≈≈
≈≈≈≈≈≈≈≈≈≈≈≈≈≈.####.≈≈≈≈≈≈≈≈≈≈≈≈≈
≈≈≈≈≈≈≈≈≈≈≈≈≈≈≈.###.≈≈≈≈≈≈≈≈≈≈≈≈≈


You could see a merfolk impaler (berserk), a merfolk javelineer and a friendly
ice beast.

Vanquished Creatures
  Jorgrun (Shoals:2)
  Polyphemus (Shoals:1)
  Gastronok (Lair:3)
  Agnes (D:14)
  Kirke (Elf:1)
  A caustic shrike skeleton (D:15)
  Azrael (Elf:2)
  Josephine (D:11)
  Fannar (Orc:1)
  5 merfolk impalers
  2 hydras
  2 ogre magi
  4 merfolk avatars
  2 catoblepae
  5 vault guards (D:14)
  An alligator snapping turtle (Shoals:4)
  2 merfolk aquamancers
  3 centaur warriors
  6 two-headed ogres
  A satyr (Shoals:4)
  4 dancing weapons (Elf:2)
  4 death yaks
  An orc high priest (Orc:2)
  The ghost of thesequoiad the Fighter, a novice GrWn of Okawaru (D:9)
  Urug (D:12)
  A vampire mage (D:15)
  4 deep elf knights
  A skeletal warrior (D:15)
  A sixfirhy (Abyss:2)
  6 sea snakes
  An unseen horror (D:14)
  5 deep elf archers (Elf:1)
  4 orc sorcerers
  4 orb spiders (Spider:1)
  12 fauns
  11 harpies
  4 cyclopes
  17 deep elf magi
  2 manticores
  2 wolf spiders
  2 elephants
  Maurice (D:11)
  5 merfolk sirens
  2 black mambas
  6 water nymphs
  15 spiny frogs
  3 gargoyles
  A kobold demonologist (D:15)
  9 komodo dragons
  2 yaktaurs (D:14)
  A redback zombie (D:14)
  4 tyrant leeches (Lair:6)
  19 merfolk
  A harpy zombie (D:15)
  4 wind drakes
  A wolf spider simulacrum (D:14)
  2 trolls (D:13)
  4 jumping spiders (Spider:1)
  2 meliai (D:15)
  A harpy skeleton (D:15)
  A raiju (shapeshifter) (D:15)
  An ice dragon zombie (D:15)
  20 blink frogs
  2 dream sheep (Lair:4)
  4 snapping turtles
  12 hippogriffs
  An air elemental (Elf:1)
  A spriggan (D:13)
  A shadow (D:12)
  A wyvern (Lair:1)
  10 redbacks
  16 yaks
  6 water elementals
  4 wraiths
  6 fire elementals
  2 fire bats (Elf:2)
  2 basilisks
  5 vampire mosquitoes
  The ghost of MatthieuS the Chiller, an amateur HuIE (D:3)
  Menkaure (D:5)
  A hell hound (Elf:2)
  2 acid dragons (D:13)
  3 soldier ants
  14 water moccasins
  3 ice beasts
  7 orc warriors
  7 porcupines
  3 black bears
  A sky beast (D:6)
  9 ogres
  A phantom (D:4)
  3 boggarts (D:15)
  6 wolves (Lair:3)
  9 centaurs
  2 big kobolds (D:11)
  3 crocodiles
  16 bullfrogs
  3 scorpions
  8 killer bees
  5 electric eels
  7 howler monkeys
  8 crimson imps
  5 hounds
  A lava snake (D:8)
  3 jellies
  Crazy Yiuf (D:2)
  20 orc priests
  2 centaur skeletons
  15 orc wizards
  Jessica (D:2)
  6 iguanas
  Ijyb (D:5)
  13 worker ants
  2 big kobold zombies (Ossuary)
  A hound skeleton (D:7)
  5 mummies
  3 gnolls (D:3)
  14 adders
  5 shadow imps
  2 adder zombies
  An adder skeleton (D:8)
  A worm (D:4)
  A dart slug (D:1)
  4 leopard geckos
  34 orcs
  3 ball pythons
  5 bats
  4 giant cockroaches
  6 goblins
  7 hobgoblins
  9 jackals
  17 kobolds
  2 quokkas (D:4)
  6 frilled lizards
  A goblin zombie (Ossuary)
  3 hobgoblin zombies (Ossuary)
  A kobold zombie (Ossuary)
  An orc zombie (Ossuary)
  A quokka zombie (D:3)
  6 rats
  A fungus (Lair:6)
  3 plants
648 creatures vanquished.

Vanquished Creatures (collateral kills)
  A deep elf blademaster (Elf:2)
  A deep elf sorcerer (Elf:1)
  2 deep elf death magi (Elf:2)
  A merfolk impaler (Shoals:1)
  5 hydras
  A rakshasa (D:15)
  A centaur warrior (D:13)
  A satyr (Shoals:4)
  19 dancing weapons
  An alligator snapping turtle (Shoals:3)
  A two-headed ogre (D:8)
  2 merfolk aquamancers (Shoals:4)
  A tengu warrior (D:15)
  A death yak (Lair:6)
  11 deep elf knights
  Sonja (Lair:3)
  A skeletal warrior (D:15)
  3 sea snakes
  10 deep elf archers
  3 orc knights (Orc:2)
  A wolf spider zombie (D:13)
  A necromancer (D:15)
  4 harpies
  34 deep elf magi
  A fire giant zombie (D:15)
  6 ugly things (D:15)
  An elephant (Lair:2)
  2 orc sorcerers (Orc:2)
  5 manticores
  A faun (Shoals:1)
  2 black mambas (Lair:5)
  7 spiny frogs
  A centaur skeleton (D:15)
  A gargoyle (D:13)
  2 rime drakes (Lair:5)
  A rime drake (shapeshifter) (D:13)
  4 komodo dragons
  A demonic crawler (Spider:1)
  4 merfolk (Shoals:4)
  A polar bear (Lair:5)
  4 trolls
  A jumping spider (Spider:1)
  A meliai (D:15)
  A wind drake (Shoals:4)
  A hornet (D:12)
  3 hippogriffs
  4 slime creatures (D:15)
  25 blink frogs
  6 dream sheep
  3 snapping turtles
  2 tarantellas (Spider:1)
  A redback (Lair:2)
  An ice dragon skeleton (D:15)
  2 wyverns
  39 yaks
  A fire bat (Elf:2)
  A fire elemental (Elf:2)
  A hog (Elf:1)
  4 basilisks
  A hungry ghost (D:11)
  9 vampire mosquitoes
  3 wargs (Orc:2)
  A swamp worm (shapeshifter) (Elf:2)
  A water moccasin (Lair:5)
  2 porcupines
  A hell hound (Elf:2)
  10 orc warriors
  An ice beast (D:12)
  2 eyes of draining
  A sky beast (D:13)
  2 ogres (Orc:2)
  2 wolves (Lair:5)
  4 centaurs
  6 crocodiles
  2 bullfrogs (Lair:6)
  4 killer bees (D:11)
  2 bullfrog zombies
  A crimson imp (D:14)
  2 hounds
  2 jellies (Lair:5)
  7 orc priests (Orc:2)
  10 orc wizards
  3 gnolls (D:9)
  An adder (D:9)
  An ooze (Lair:5)
  13 orcs
  A jackal zombie (D:8)
  A kobold (D:11)
  5 plants
349 creatures vanquished.

Vanquished Creatures (others)
  A deep elf knight (Elf:1)
  A faun (Shoals:3)
  An orc warrior (Orc:2)
  2 wolves (Lair:5)
  A big kobold (D:15)
  A fire vortex (D:15)
  15 fungi
  69 plants
  4 tentacles (Shoals:1)
  12 withered plants
107 creatures vanquished.

Grand Total: 1104 creatures vanquished

Notes
Turn   | Place    | Note
-------+----------+-------------------------------------------
     0 | D:1      | Espgualade the Tengu Ice Elementalist began the quest for
                  | the Orb.
     0 | D:1      | Reached XP level 1. HP: 10/10 MP: 4/4
   440 | D:1      | Reached XP level 2. HP: 15/15 MP: 6/6
   595 | D:1      | Reached XP level 3. HP: 11/19 MP: 2/7
   978 | D:1      | Learned a level 2 spell: Throw Frost
   982 | D:1      | Learned a level 3 spell: Ozocubu's Armour
  1154 | D:2      | Noticed Jessica
  1172 | D:2      | Killed Jessica
  1172 | D:2      | Reached XP level 4. HP: 22/24 MP: 8/8
  1184 | D:2      | Found a runed translucent door.
  1185 | D:2      | Noticed Crazy Yiuf
  2176 | D:2      | Killed Crazy Yiuf
  2176 | D:2      | Reached skill level 5 in Ice Magic
  2176 | D:2      | Gained mutation: You can fly continuously. [Tengu growth]
  2176 | D:2      | Reached XP level 5. HP: 28/28 MP: 1/9
  2272 | D:3      | Found a runed translucent door.
  2272 | D:3      | Noticed MatthieuS's ghost (amateur HuIE)
  3073 | D:3      | Reached XP level 6. HP: 19/32 MP: 5/10
  3351 | D:3      | Found a glowing silver altar of Zin.
  3557 | D:4      | Found an opulent altar of Gozag.
  3660 | D:4      | Found a sand-covered staircase.
  3672 | Ossuary  | Entered an ossuary
  3729 | Ossuary  | Reached skill level 5 in Dodging
  4087 | D:4      | Reached XP level 7. HP: 36/36 MP: 9/12
  4284 | D:4      | Found a bloodstained altar of Trog.
  4381 | D:4      | Found a hide-covered altar of Uskayaw.
  4381 | D:4      | Found a stormy altar of Qazlal.
  4421 | D:4      | Found a shadowy altar of Dithmenos.
  4554 | D:5      | Entered Level 5 of the Dungeon
  4767 | D:5      | Noticed Ijyb
  4771 | D:5      | Paralysed by Ijyb for 4 turns
  4779 | D:5      | Paralysed by Ijyb for 3 turns
  4783 | D:5      | Killed Ijyb
  4827 | D:5      | Noticed Menkaure
  4895 | D:5      | Reached skill level 5 in Spellcasting
  5406 | D:5      | Killed Menkaure
  5406 | D:5      | Reached XP level 8. HP: 29/41 MP: 16/16
  5658 | D:6      | Reached skill level 5 in Conjurations
  5827 | D:6      | Found an iron altar of Okawaru.
  6161 | D:6      | HP: 2/41 [ice beast (9)]
  6303 | D:6      | Learned a level 4 spell: Throw Icicle
  6308 | D:6      | Learned a level 4 spell: Summon Ice Beast
  6372 | D:6      | Reached skill level 1 in Summonings
  6761 | D:7      | Found a staircase to the Ecumenical Temple.
  6770 | Temple   | Entered the Ecumenical Temple
  6984 | Temple   | Became a worshipper of Vehumet
  6998 | D:7      | Noticed a yak
  6998 | D:7      | Noticed a yak
  6999 | D:7      | Noticed a yak
  6999 | D:7      | Noticed a yak
  6999 | D:7      | Noticed a yak
  6999 | D:7      | Noticed a yak
  7017 | D:6      | Reached XP level 9. HP: 40/45 MP: 14/17
  7125 | D:6      | HP: 2/45 [yak (11)]
  7149 | D:6      | Reached skill level 5 in Summonings
  9891 | D:7      | Reached XP level 10. HP: 42/50 MP: 10/20
 10284 | D:8      | Found a basalt altar of Yredelemnul.
 10340 | D:8      | Noticed a two-headed ogre
 10640 | D:8      | Reached * piety under Vehumet
 10640 | D:8      | Offered knowledge of Sting by Vehumet.
 10825 | D:8      | Killed a two-headed ogre
 10840 | D:8      | Found a white marble altar of Elyvilon.
 10947 | D:8      | Found a deep blue altar of Sif Muna.
 11872 | D:9      | Found a runed translucent door.
 11875 | D:9      | Noticed thesequoiad's ghost (novice GrWn)
 12274 | D:9      | Reached ** piety under Vehumet
 12274 | D:9      | Offered knowledge of Flame Tongue by Vehumet.
 12737 | D:10     | Entered Level 10 of the Dungeon
 12737 | D:10     | Noticed a gargoyle
 12932 | D:11     | Noticed a manticore
 12942 | D:11     | Killed a manticore
 12942 | D:11     | Reached skill level 10 in Conjurations
 13276 | D:11     | Noticed Maurice
 13276 | D:11     | Noticed Josephine
 13433 | D:10     | Offered knowledge of Stone Arrow by Vehumet.
 13545 | D:10     | Reached XP level 11. HP: 54/54 MP: 18/25
 13860 | D:10     | HP: 2/54 [something (9)]
 14340 | D:11     | Found a staircase to the Lair.
 14756 | D:11     | Killed Josephine
 14756 | D:11     | Reached *** piety under Vehumet
 14925 | D:12     | Noticed Urug
 14992 | D:12     | Noticed a manticore
 14999 | D:12     | Noticed a deep elf mage
 15206 | D:3      | Killed MatthieuS's ghost
 15515 | D:9      | Killed thesequoiad's ghost
 15669 | D:10     | Got a polished halberd
 15678 | D:9      | Identified the cursed +3 halberd of the Extremely Mad
                  | {chop, rF+ MR+ Str+5} (You found it on level 10 of the
                  | Dungeon)
 15808 | Lair:1   | Entered Level 1 of the Lair of Beasts
 16120 | D:11     | Killed Maurice
 16576 | Lair:1   | Got a smoking war axe
 16822 | Lair:1   | Identified the +6 war axe "Heesh" {chop, MR+++ Int-4} (You
                  | found it on level 1 of the Lair of Beasts)
 17624 | Lair:2   | Offered knowledge of Ignite Poison by Vehumet.
 18184 | Lair:2   | Reached XP level 12. HP: 59/59 MP: 7/26
 18446 | Lair:2   | Found a hole to the Spider Nest.
 18734 | Lair:3   | Noticed Gastronok
 19685 | Lair:3   | Reached **** piety under Vehumet
 19958 | Lair:3   | Noticed a five-headed hydra
 19965 | Lair:3   | Killed a five-headed hydra
 20032 | Lair:3   | Noticed Sonja
 20100 | Lair:3   | Reached skill level 5 in Stealth
 20132 | Lair:3   | Offered knowledge of Venom Bolt by Vehumet.
 20960 | Lair:4   | Noticed a seven-headed hydra
 21025 | Lair:3   | Noticed an eight-headed hydra
 21069 | Lair:3   | Killed Gastronok
 21139 | Lair:3   | Reached skill level 10 in Spellcasting
 21337 | Lair:3   | Killed an eight-headed hydra
 21619 | Lair:4   | Reached XP level 13. HP: 63/63 MP: 23/28
 22202 | Lair:4   | Found a staircase to the Shoals.
 23239 | Lair:5   | Reached ***** piety under Vehumet
 23385 | Lair:5   | Offered knowledge of Spellforged Servitor by Vehumet.
 23405 | Lair:5   | Learned a level 7 spell: Spellforged Servitor
 23724 | Lair:5   | Found a staircase to the Slime Pits.
 24162 | Lair:5   | Found a glowing golden altar of the Shining One.
 24372 | Lair:6   | Entered Level 6 of the Lair of Beasts
 24626 | Lair:6   | Reached skill level 10 in Summonings
 26136 | Lair:6   | Offered knowledge of Bolt of Fire by Vehumet.
 26358 | Lair:6   | Reached XP level 14. HP: 68/68 MP: 8/31
 27031 | Lair:6   | Identified the Incunabulum of Gliding Evil
 27036 | Lair:6   | Got a pitted mace
 27041 | Lair:6   | Identified the +8 mace of World's End {flame, +Rage rPois
                  | rF+ Str-3} (You found it on level 6 of the Lair of Beasts)
 27128 | Lair:6   | Learned a level 6 spell: Bolt of Fire
 27283 | Lair:6   | Reached skill level 1 in Fire Magic
 27666 | Lair:3   | Killed Sonja
 28906 | D:12     | Found a staircase to the Orcish Mines.
 28933 | D:12     | Killed Urug
 29117 | D:12     | Reached skill level 5 in Fire Magic
 30277 | D:13     | Identified a scroll of acquirement
 30541 | D:13     | Identified the Handbook of Flamy Slavery (You acquired it
                  | on level 13 of the Dungeon)
 30821 | D:14     | Found a stormy altar of Qazlal.
 30840 | D:14     | Offered knowledge of Orb of Destruction by Vehumet.
 31497 | D:14     | Noticed Agnes
 31507 | D:14     | Killed Agnes
 32578 | D:14     | Reached skill level 10 in Dodging
 32736 | D:14     | Found a gate to the Vaults.
 32859 | D:15     | Entered Level 15 of the Dungeon
 33537 | D:15     | Reached XP level 15. HP: 37/72 MP: 12/32
 33898 | D:15     | Reached skill level 1 in Shields
 34613 | D:15     | Reached skill level 5 in Shields
 35070 | D:15     | Found a staircase to the Depths.
 35548 | Depths:1 | Entered Level 1 of the Depths
 35548 | Depths:1 | Found a one-way gate leading to the halls of Pandemonium.
 35831 | Orc:1    | Entered Level 1 of the Orcish Mines
 35831 | Orc:1    | Noticed Fannar
 35836 | Orc:1    | Killed Fannar
 36107 | Orc:1    | Paralysed by an orc sorcerer for 3 turns
 36114 | Orc:1    | Offered knowledge of Fireball by Vehumet.
 36224 | Orc:2    | Entered Level 2 of the Orcish Mines
 37191 | Orc:2    | Found Wonlogot's Armour Shop.
 37191 | Orc:2    | Found Nuahaad's Food Boutique.
 37191 | Orc:2    | Found Fithaheall's Antique Weapon Shop.
 37195 | Orc:2    | Found Coleent's Book Boutique.
 37322 | Orc:2    | Found a staircase to the Elven Halls.
 37342 | Orc:2    | Found Gaastrilu's Weapon Boutique.
 37409 | Orc:2    | Found a roughly hewn altar of Beogh.
 37577 | Orc:2    | Offered knowledge of Poison Arrow by Vehumet.
 37664 | Orc:2    | Found a roughly hewn altar of Beogh.
 38036 | Orc:2    | Bought a book of Clouds for 630 gold pieces
 38036 | Orc:2    | Bought a Grand Grimoire for 1545 gold pieces
 38293 | Orc:2    | Bought a ration for 70 gold pieces
 38293 | Orc:2    | Bought a ration for 70 gold pieces
 38563 | Spider:1 | Entered Level 1 of the Spider Nest
 38646 | Shoals:1 | Entered Level 1 of the Shoals
 39117 | Lair:4   | Learned a level 6 spell: Invisibility
 39433 | Shoals:1 | Reached skill level 1 in Hexes
 41342 | Shoals:1 | Noticed a kraken
 41722 | Shoals:1 | Identified Roxanne's Guide on Stones
 41722 | Shoals:1 | Noticed Roxanne
 42194 | Shoals:2 | Noticed Jorgrun
 42283 | Shoals:2 | Killed Jorgrun
 42283 | Shoals:2 | Reached skill level 5 in Hexes
 42283 | Shoals:2 | Reached XP level 16. HP: 76/76 MP: 4/33
 42500 | Shoals:2 | Noticed Polyphemus
 43051 | Shoals:1 | Killed Polyphemus
 45425 | Shoals:3 | Offered knowledge of Bolt of Cold by Vehumet.
 45444 | Shoals:3 | Learned a level 6 spell: Bolt of Cold
 45453 | Shoals:3 | Found Toraud's Food Shop.
 47596 | Shoals:3 | Bought a ration for 65 gold pieces
 47971 | Shoals:4 | Entered Level 4 of the Shoals
 49744 | Elf:1    | Entered Level 1 of the Elven Halls
 49896 | Elf:1    | Found a radiant altar of Vehumet.
 50272 | Elf:1    | Offered knowledge of Conjure Ball Lightning by Vehumet.
 50272 | Elf:1    | Reached skill level 10 in Hexes
 50623 | Elf:1    | Found an ancient bone altar of Kikubaaqudgha.
 50651 | Elf:1    | Reached XP level 17. HP: 80/80 MP: 8/34
 51319 | Elf:1    | Got a steaming arbalest
 51320 | Elf:1    | Identified the Catalogue of Summoning
 51519 | Elf:1    | Noticed Kirke
 51534 | Elf:1    | Killed Kirke
 52063 | Elf:2    | Found Zeqoud's Antique Armour Emporium.
 53150 | Elf:2    | Found a runed translucent gate.
 53150 | Elf:2    | Found a runed translucent gate.
 53150 | Elf:2    | Found a runed translucent gate.
 53492 | Elf:2    | Found Ejuini Eggeu's Elven Fire.
 53624 | Elf:2    | Reached skill level 15 in Summonings
 53870 | Elf:2    | Noticed Azrael
 53876 | Elf:2    | Killed Azrael
 54292 | Elf:2    | Noticed a deep elf blademaster
 54299 | Elf:2    | Killed a deep elf blademaster
 54735 | Elf:2    | Reached skill level 15 in Conjurations
 55653 | Elf:3    | Entered Level 3 of the Elven Halls
 55775 | Elf:3    | Found Uklolan's Antique Weapon Shoppe.
 55776 | Elf:3    | Found Xaxurph's Book Shoppe.
 55831 | Elf:3    | Reached ****** piety under Vehumet
 55875 | Elf:3    | Cast into level 2 of the Abyss (a deep elf sorcerer)
 55988 | Elf:3    | Escaped the Abyss
 56437 | Shoals:3 | Bought a ration for 65 gold pieces
 56437 | Shoals:3 | Bought a ration for 65 gold pieces
 56437 | Shoals:3 | Bought a ration for 65 gold pieces
 56437 | Shoals:3 | Bought a ration for 65 gold pieces
 56508 | Shoals:4 | Got a barnacled rune of Zot
 57941 | Shoals:4 | Identified the +4 swamp dragon scales of Boiling Hail
                  | {rPois rF++ MR+}
 58311 | Shoals:4 | HP: 3/80 [merfolk impaler/+1 trident of venom (33)]
 58312 | Shoals:4 | Hit by a silver javelin thrown by a merfolk javelineer

Levels and vault maps discovered:
D:1:      psy_arrival_dodecagon, layout_loops_ring
D:2:      layout_basic, minmay_misc_feat_roman, uniq_crazy_yiuf_cottage,
          uniq_jessica
D:3:      kennysheep_big_flooded_room, layout_loops_ring,
          overflow_temple_1_default, gammafunk_ghost_grave
D:4:      layout_cave_pools, grunt_dithmenos_shadows,
          gammafunk_temple_overflow_wave, grunt_temple_overflow_open,
          gup_ossuary_entry_pyramid
D:5:      layout_basic, first_ration, uniq_ijyb, uniq_menkaure
D:6:      layout_basic, okawaru_gym_becter
D:7:      layout_rooms, minmay_temple_entry_statues_fountains, centaur_isle
D:8:      layout_cave_pools, lemuel_round_altar, led_sif_pool, kennysheep_mini,
          kennysheep_cluttered_room
D:9:      layout_roguey, ebering_ghost_reflecting_pool
D:10:     layout_layer_cave
D:11:     layout_small_grid, lair_entry_dummy, uniq_maurice, uniq_josephine
D:12:     layout_cave_pools, orc_0_dummy, uniq_urug
D:13:     layout_rooms, the_bakery
D:14:     layout_loops_cross, grunt_vaults_entry_fortified,
          hangedman_decor_opposing, drop_trap, grunt_qazlal_sundering,
          uniq_agnes
D:15:     gammafunk_depths_entry_grave, layout_loops_ring,
          hangedman_decor_clover_reticule
Temple:   nicolae_temple_figure_eight
Lair:1:   layout_regular_city
Lair:2:   layout_roguey, spider_nest_entry_funnel_web
Lair:3:   layout_long_grid, nicolae_quartered_pool_medium, lemuel_fruit_tree,
          uniq_sonja, uniq_gastronok
Lair:4:   layout_regular_city, minmay_shoals_entry_lonely_mermaid,
          hibernation_bobbens
Lair:5:   layout_hall_layers, nicolae_slime_entry_slimehenge, basic_altar
Lair:6:   minmay_lair_end_frog_pond, layout_cave_pods,
          chequers_serial_rivers_micro_b, serial_bayou_lake_a
Shoals:1: layout_shoals, uniq_roxanne
Shoals:2: layout_shoals, nicolae_shoals_dead_sea_scrolls, uniq_jorgrun,
          uniq_polyphemus
Shoals:3: layout_shoals, serial_shops, shop
Shoals:4: shoals_end_simple, layout_shoals
Spider:1: layout_spider_delve, hangedman_spider_tarantella_strand
Orc:1:    nicolae_orc_accident_1, layout_caves, serial_shops, shop, uniq_fannar
Orc:2:    st_orc_mages, layout_caves, serial_shops,
          nicolae_shop_competitors_out_of_business, basic_altar, mines2_david
Elf:1:    eino_elf_arrival_altar, layout_gridlike, basic_altar,
          minmay_elf_demonology, uniq_kirke
Elf:2:    layout_onion_city, serial_shops, nicolae_shop_statue_plus,
          guppyfry_elf_lava, uniq_azrael
Elf:3:    elf_hall_gauntlet_wide, layout_geoelf_octagon, serial_shops,
          nicolae_shop_overgrown_old_shop, shop, shop, shop
Depths:1: layout_cave_pools, hell_entry, pan_entry, grunt_decor_cap,
          hangedman_cracks_in_the_wall, serial_bayou_shore_b, uniq_sojobo

Skill      XL: |  1  2  3  4  5  6  7  8  9 10 11 12 13 14 15 16 17 |
---------------+----------------------------------------------------+-----
Ice Magic      | 3 4 5 6 8 |  8.0
Dodging        | 4 5 9 11 12 | 12.5
Spellcasting   | 3 5 6 9 10 12 | 12.6
Conjurations   | 4 8 10 12 13 14 15 | 15.6
Summonings     | 4 9 12 15 | 15.2
Stealth        | 7 9 |  9.0
Fire Magic     | 9 |  9.1
Shields        | 6 |  6.0
Hexes          | 5 10 | 10.0

Action                   |  1- 3 |  4- 6 |  7- 9 | 10-12 | 13-15 | 16-18 || total
-------------------------+-------+-------+-------+-------+-------+-------++-------
Melee: Hand axe          |    31 |       |       |       |       |       ||    31
       Kick              |    13 |    34 |    43 |    42 |    62 |    20 ||   214
       Peck              |     8 |    26 |    31 |    26 |    34 |    12 ||   137
       Dagger            |    32 |   115 |   168 |   103 |       |       ||   418
       Halberd           |       |       |       |    47 |   136 |       ||   183
       Mace              |       |       |       |       |    29 |    63 ||    92
 Cast: Freeze            |    15 |    61 |   128 |   232 |   183 |    11 ||   630
       Throw Frost       |       |     5 |    28 |    78 |    31 |     4 ||   146
       Ozocubu's Armour  |       |       |     3 |     1 |     3 |     4 ||    11
       Throw Icicle      |       |       |    10 |    82 |   357 |   334 ||   783
       Summon Ice Beast  |       |       |     6 |    90 |   159 |    31 ||   286
       Bolt of Fire      |       |       |       |       |    58 |    33 ||    91
       Spellforged Servi |       |       |       |       |    14 |    54 ||    68
       Bolt of Cold      |       |       |       |       |       |     9 ||     9
 Abil: Fly               |       |     1 |       |       |       |     1 ||     2
       Stop Flying       |       |       |       |       |       |     1 ||     1
Evoke: Wand              |       |       |       |     7 |     6 |     4 ||    17
       Lightning rod     |       |       |       |     5 |       |       ||     5
       Fan of gales      |       |       |       |     1 |       |       ||     1
  Use: Scroll            |       |    14 |     7 |    20 |    15 |    10 ||    66
       Potion            |       |     3 |     4 |    16 |    12 |     9 ||    44
 Stab: Sleeping          |     4 |     7 |     3 |     3 |     2 |       ||    19
       Distracted        |       |       |       |       |     4 |       ||     4
  Eat: Chunk             |     1 |     5 |    10 |    24 |    43 |    32 ||   115
       Ration            |       |     2 |     3 |     8 |    15 |    15 ||    43
Armor: Robe              |    21 |    19 |    18 |    23 |    51 |    25 ||   157
       Skin              |       |       |       |    35 |       |       ||    35
Dodge: Dodged            |    57 |   122 |   246 |   344 |   687 |   234 ||  1690
Block: Other             |       |       |     4 |    27 |    24 |       ||    55
       Reflection        |       |       |     1 |       |    15 |    31 ||    47
       Buckler           |       |       |       |       |    90 |    96 ||   186

Table legend:
 A = Non-vault XP
 B = Vault XP
 C = Vault XP percentage of total XP
 D = Non-vault monster count
 E = Vault monster count
 F = Vault count percentage of total count
                 A         B        C        D         E       F
            +---------+---------+-------+---------+---------+-------
      Total |  159347 |   76739 |  32.5 |     756 |     236 |  23.8
            +---------+---------+-------+---------+---------+-------
        D:1 |      44 |       0 |   0.0 |      26 |       0 |   0.0
        D:2 |      51 |      79 |  60.8 |       9 |       2 |  18.2
        D:3 |     154 |     186 |  54.7 |      28 |       3 |   9.7
        D:4 |     264 |     139 |  34.5 |      12 |       2 |  14.3
        D:5 |     194 |     202 |  51.0 |       8 |       2 |  20.0
        D:6 |    2313 |       0 |   0.0 |      35 |       0 |   0.0
        D:7 |     641 |     684 |  51.6 |      12 |       6 |  33.3
        D:8 |    1259 |       0 |   0.0 |      22 |       0 |   0.0
        D:9 |    1879 |     706 |  27.3 |      39 |       1 |   2.5
       D:10 |    1041 |       0 |   0.0 |      11 |       0 |   0.0
       D:11 |    1509 |    2178 |  59.1 |      26 |       5 |  16.1
       D:12 |    2588 |     831 |  24.3 |      24 |       1 |   4.0
       D:13 |    5694 |     229 |   3.9 |      29 |       1 |   3.3
       D:14 |    6735 |    8545 |  55.9 |      27 |      11 |  28.9
       D:15 |   16269 |    3906 |  19.4 |      48 |       8 |  14.3
     Lair:1 |    1200 |       0 |   0.0 |      11 |       0 |   0.0
     Lair:2 |    5176 |     851 |  14.1 |      27 |       3 |  10.0
     Lair:3 |    7892 |    2653 |  25.2 |      44 |       2 |   4.3
     Lair:4 |    6948 |     814 |  10.5 |      29 |       2 |   6.5
     Lair:5 |    4674 |      72 |   1.5 |      31 |       4 |  11.4
     Lair:6 |    8170 |    9906 |  54.8 |      40 |      47 |  54.0
   Shoals:1 |   11788 |    3851 |  24.6 |      23 |       3 |  11.5
   Shoals:2 |   11982 |    4627 |  27.9 |      26 |       3 |  10.3
   Shoals:3 |   13555 |       0 |   0.0 |      30 |       0 |   0.0
   Shoals:4 |    7654 |    8527 |  52.7 |      19 |      19 |  50.0
   Spider:1 |    4690 |       0 |   0.0 |      14 |       0 |   0.0
      Orc:1 |     718 |    1059 |  59.6 |       4 |       1 |  20.0
      Orc:2 |    2737 |    4063 |  59.8 |      29 |      46 |  61.3
      Elf:1 |   13876 |    6350 |  31.4 |      30 |      14 |  31.8
      Elf:2 |   13987 |   16155 |  53.6 |      36 |      38 |  51.4
      Elf:3 |    3068 |       0 |   0.0 |       6 |       0 |   0.0
    Abyss:2 |     597 |       0 |   0.0 |       1 |       0 |   0.0
    Ossuary |       0 |     126 | 100.0 |       0 |      12 | 100.0
            +---------+---------+-------+---------+---------+-------
